 Dungeon Sprint DCSS version 0.21-a0-286-g6fcecc0 (webtiles) character file.

6578 Kidiri the Eclecticist (level 10, -2/60 HPs)
             Began as a Deep Elf Fire Elementalist on Sept 27, 2017.
             Was the Champion of Vehumet.
             Killed from afar by a lindwurm (40 damage)
             ... with a blast of flame
             ... in the Dungeon (Sprint III: "The Ten Rune Challenge").
             The game lasted 00:18:05 (2182 turns).

Kidiri the Eclecticist (Deep Elf Fire Elementalist) Turns: 2182, Time: 00:18:05

Health: -2/60      AC:  4    Str:  9    XL:     10   Next: 71%
Magic:  26/32      EV: 18    Int: 24    God:    Vehumet [******]
Gold:   84         SH:  0    Dex: 15    Spells: 7/41 levels left

rFire    . . .     SeeInvis .   t - +9 morningstar "Oriel" {flame, Str+4}
rCold    + . .     Gourm    .   (no shield)
rNeg     . . .     Faith    .   b - +0 robe {rC+}
rPois    .         Spirit   .   (helmet restricted)
rElec    .         Reflect  .   (no cloak)
rCorr    .         Harm     .   (no gloves)
MR       +....     NoTele   +   (no boots)
Stlth    ++........             (no amulet)
HPRegen  0.20/turn              (no ring)
MPRegen  0.23/turn              (no ring)

@: no status effects
A: antennae 1, icy blue scales 1, blink
a: Blink, Renounce Religion


You were in the Dungeon.
You worshipped Vehumet.
Vehumet was exalted by your worship.
You were not hungry.

You visited 1 branch You collected 84 gold pieces.

Inventory:

Hand Weapons
 a - a +2 dagger of holy wrath
 t - the +9 morningstar "Oriel" (weapon) {flame, Str+4}
   (You found it in the Dungeon)

   It has been specially enchanted to burn those struck by it, causing extra
   injury to most foes and up to half again as much damage against particularly
   susceptible opponents.
   It affects your strength (+4).
Missiles
 l - 9 throwing nets (quivered)
Armour
 b - a +0 robe of cold resistance (worn)
Scrolls
 i - a scroll of amnesia {unknown}
 k - 4 scrolls of remove curse
 m - 2 scrolls of torment {unknown}
 n - 2 scrolls of identify {unknown}
Potions
 d - 4 potions of curing
 f - a potion of haste
 g - 2 potions of magic
 h - a potion of berserk rage
 j - 2 potions of might
 p - 2 potions of flight
 q - a potion of brilliance {unknown}
 r - 6 potions of mutation
Comestibles
 c - 2 bread rations
 o - 25 royal jellies
 D - a meat ration


   Skills:
 + Level 6.2 Fighting
 + Level 7.5 Short Blades
 + Level 6.1 Armour
 + Level 9.1 Dodging
 - Level 2.4 Stealth
 * Level 16.0 Spellcasting
 + Level 10.1 Conjurations
 + Level 10.3 Fire Magic
 + Level 7.4 Air Magic
 + Level 5.6 Earth Magic
 + Level 8.1 Poison Magic


You had 7 spell levels left.
You knew the following spells:

 Your Spells              Type           Power        Failure   Level  Hunger
a - Flame Tongue          Conj/Fire      #####        1%          1    None
b - Throw Flame           Conj/Fire      ######       1%          2    None
c - Conjure Flame         Conj/Fire      ######..     1%          3    None
d - Inner Flame           Hex/Fire       #####...     1%          3    None
e - Sticky Flame          Conj/Fire      ######..     1%          4    None
f - Fireball              Conj/Fire      ######....   1%          5    #......
g - Bolt of Magma         Conj/Fire/Erth ######....   1%          5    #......
h - Lightning Bolt        Conj/Air       ######....   1%          5    #......
i - Stone Arrow           Conj/Erth      ######       1%          3    None
j - Mephitic Cloud        Conj/Pois/Air  ######..     1%          3    None


Dungeon Overview and Level Annotations

Branches:
Dungeon (1/1)

Altars:
Cheibriados
Dithmenos
Elyvilon
Fedhas
Gozag
Hepliaklqana
Kikubaaqudgha
Makhleb
Nemelex Xobeh
Okawaru
Qazlal
Ru
Sif Muna
Trog
Uskayaw
Vehumet
Wu Jian
Xom
Yredelemnul
Zin
The Shining One
Beogh
Jiyva
Lugonu

Annotations:
D exclusion: 2 doors


Innate Abilities, Weirdness & Mutations

You have a pair of small antennae on your head.
You are partially covered in icy blue scales. (AC +2)
You can translocate small distances at will.


Message History

Unknown command.
Unknown command.
You feel much better.
Casting: Stone Arrow
Confirm with . or Enter, or press ? or * to list all spells.
Aiming: Stone Arrow
Press: ? - help, Shift-Dir - straight line, f/p - lindwurm
Aim: a lindwurm (moderately wounded, catching its breath)
Okay, then.
Casting: Stone Arrow
Confirm with . or Enter, or press ? or * to list all spells.
Aiming: Stone Arrow
Press: ? - help, Shift-Dir - straight line, f/p - lindwurm
Aim: a lindwurm (moderately wounded, catching its breath)
The stone arrow hits the lindwurm.
The lindwurm is severely wounded.
The lindwurm breathes flames at you. The blast of flame hits you!
Ouch! That really hurt!
You die...

...........#___#__+...#...#..#..#
▓▓▓▓▓▓▓▓▓▓▓▓▓▓▓▓▓▓▓▓▓▓▓▓▓▓▓▓▓▓▓▓▓
♣♣≈≈≈........≈≈≈
+♣♣'♣≈≈≈≈≈≈≈≈≈≈≈≈♣
#.≈♣♣♣♣♣♣♣♣♣♣♣♣♣♣♣ #..♣♣ ♣ ###'♣
♣♣♣♣.# ♣.@.##{ ♣♣k## ♣..# ♣♣.#
♣.# ♣.....# #######


You could see a lindwurm.

Vanquished Creatures
  Erolcha (D)
  A deep elf mage (D)
  2 spiny frogs (D)
  A komodo dragon (D)
  A queen bee (D)
  3 wandering mushrooms (D)
  A tyrant leech (D)
  3 redbacks (D)
  A shadow (D)
  A spatial vortex (D)
  A black mamba simulacrum (D)
  A necrophage (D)
  5 two-headed ogres (D)
  A water elemental (D)
  32 killer bees (D)
  A jelly (D)
  A wizard (D)
  Jessica (D)
  A necromancer (D)
  A kobold demonologist (D)
  3 wolf simulacra (D)
  3 humans (D)
  A wolf (D)
  3 rats (D)
  3 plants (D)
73 creatures vanquished.

Vanquished Creatures (others)
  2 draconian scorchers (D)
  2 hydras (D)
  6 hellions (D)
  2 yaktaurs (D)
12 creatures vanquished.

Grand Total: 85 creatures vanquished

Notes
Turn   | Place    | Note
-------+----------+-------------------------------------------
     0 | D        | Kidiri the Deep Elf Fire Elementalist began the quest for the Orb.
     0 | D        | Reached XP level 1. HP: 10/10 MP: 6/6
    47 | D        | Noticed Jessica
    48 | D        | Killed Jessica
    48 | D        | Reached skill level 6 in Spellcasting
    48 | D        | Reached XP level 2. HP: 15/15 MP: 4/11
    52 | D        | Learned a level 2 spell: Throw Flame
   102 | D        | Killed a hellion
   107 | D        | Killed a hellion
   112 | D        | Killed a hellion
   112 | D        | Killed a hellion
   114 | D        | Reached XP level 3. HP: 19/19 MP: 8/13
   114 | D        | Killed a hellion
   119 | D        | Learned a level 3 spell: Conjure Flame
   123 | D        | Learned a level 3 spell: Inner Flame
   123 | D        | Killed a hellion
   143 | D        | Killed a white draconian scorcher
   144 | D        | Gained mutation: You have a pair of small antennae on your head. [potion of mutation]
   144 | D        | Gained mutation: You are partially covered in icy blue scales. (AC +2) [potion of mutation]
   144 | D        | Gained mutation: You can translocate small distances at will. [potion of mutation]
   154 | D        | Killed a white draconian scorcher
   161 | D        | Reached skill level 7 in Spellcasting
   161 | D        | Reached skill level 5 in Fire Magic
   180 | D        | Noticed a water elemental
   184 | D        | Killed a water elemental
   184 | D        | Reached skill level 9 in Spellcasting
   184 | D        | Reached skill level 5 in Conjurations
   184 | D        | Reached XP level 4. HP: 24/24 MP: 5/17
   190 | D        | Learned a level 4 spell: Sticky Flame
   242 | D        | Killed a yaktaur
   262 | D        | Found a radiant altar of Vehumet.
   263 | D        | Found a deep blue altar of Sif Muna.
   263 | D        | Found an ancient bone altar of Kikubaaqudgha.
   263 | D        | Noticed a wizard
   265 | D        | Killed a wizard
   265 | D        | Reached XP level 5. HP: 28/28 MP: 14/19
   267 | D        | Reached skill level 10 in Spellcasting
   274 | D        | Learned a level 5 spell: Fireball
   278 | D        | Learned a level 3 spell: Mephitic Cloud
   301 | D        | Became a worshipper of Vehumet
   327 | D        | Found a glowing silver altar of Zin.
   328 | D        | Found a glowing golden altar of the Shining One.
   328 | D        | Found a white marble altar of Elyvilon.
   328 | D        | Noticed a deep elf mage
   336 | D        | Killed a deep elf mage
   336 | D        | Reached skill level 11 in Spellcasting
   336 | D        | Reached XP level 6. HP: 17/36 MP: 12/22
   336 | D        | Reached XP level 7. HP: 19/40 MP: 13/24
   497 | D        | Found an ornate altar of the Wu Jian Council.
   497 | D        | Found a roughly hewn altar of Beogh.
   497 | D        | Found an iron altar of Okawaru.
   497 | D        | Found a bloodstained altar of Trog.
   497 | D        | Found a hide-covered altar of Uskayaw.
   497 | D        | Noticed a human
   499 | D        | Noticed a human
   505 | D        | Killed a human
   505 | D        | Reached skill level 5 in Dodging
   505 | D        | Reached skill level 12 in Spellcasting
   512 | D        | Killed a human
   512 | D        | Reached * piety under Vehumet
   512 | D        | Offered knowledge of Sandblast by Vehumet.
   622 | D        | Found a basalt altar of Yredelemnul.
   622 | D        | Found a shadowy altar of Dithmenos.
   622 | D        | Found a sacrificial altar of Ru.
   672 | D        | Noticed a shadow
   677 | D        | Killed a shadow
   677 | D        | Reached ** piety under Vehumet
   677 | D        | Reached XP level 8. HP: 46/46 MP: 16/26
   692 | D        | Found a blossoming altar of Fedhas.
   692 | D        | Found a stormy altar of Qazlal.
   692 | D        | Found a snail-covered altar of Cheibriados.
   692 | D        | Found a burning altar of Makhleb.
   692 | D        | Found a shimmering altar of Xom.
   693 | D        | Found a hazy altar of Hepliaklqana.
   693 | D        | Found an opulent altar of Gozag.
   693 | D        | Found a sparkling altar of Nemelex Xobeh.
   693 | D        | Found a corrupted altar of Lugonu.
   693 | D        | Found a viscous altar of Jiyva.
   710 | D        | Offered knowledge of Sting by Vehumet.
   710 | D        | Reached skill level 13 in Spellcasting
   832 | D        | Reached skill level 5 in Poison Magic
   832 | D        | Reached *** piety under Vehumet
   880 | D        | Noticed a two-headed ogre
   886 | D        | Killed a two-headed ogre
   886 | D        | Offered knowledge of Stone Arrow by Vehumet.
   886 | D        | Reached skill level 5 in Short Blades
   886 | D        | Reached skill level 5 in Air Magic
   891 | D        | Learned a level 3 spell: Stone Arrow
  1029 | D        | Noticed a two-headed ogre
  1029 | D        | Noticed Erolcha
  1039 | D        | Killed Erolcha
  1039 | D        | Offered knowledge of Static Discharge by Vehumet.
  1039 | D        | Reached skill level 14 in Spellcasting
  1039 | D        | Reached XP level 9. HP: 52/52 MP: 13/29
  1059 | D        | Killed a two-headed ogre
  1059 | D        | Reached **** piety under Vehumet
  1059 | D        | Reached skill level 5 in Fighting
  1239 | D        | Noticed a queen bee
  1244 | D        | Offered knowledge of Lightning Bolt by Vehumet.
  1246 | D        | Reached ***** piety under Vehumet
  1247 | D        | Reached skill level 5 in Armour
  1369 | D        | Learned a level 5 spell: Lightning Bolt
  1372 | D        | Offered knowledge of Bolt of Draining by Vehumet.
  1373 | D        | Killed a queen bee
  1373 | D        | Reached skill level 15 in Spellcasting
  1375 | D        | Reached ****** piety under Vehumet
  1378 | D        | Reached XP level 10. HP: 26/59 MP: 16/31
  1615 | D        | Offered knowledge of Fulminant Prism by Vehumet.
  1729 | D        | Reached skill level 10 in Fire Magic
  1786 | D        | Killed a four-headed hydra
  1797 | D        | Noticed a spiny frog
  1797 | D        | Noticed a spiny frog
  1799 | D        | Killed a spiny frog
  1799 | D        | Reached skill level 5 in Earth Magic
  1799 | D        | Offered knowledge of Bolt of Magma by Vehumet.
  1803 | D        | Killed a spiny frog
  1803 | D        | Reached skill level 10 in Conjurations
  1844 | D        | Learned a level 5 spell: Bolt of Magma
  2015 | D        | Killed a six-headed hydra
  2057 | D        | Got a jewelled morningstar
  2090 | D        | Identified the +9 morningstar "Oriel" {flame, Str+4} (You found it in the Dungeon)
  2140 | D        | Offered knowledge of Spellforged Servitor by Vehumet.
  2140 | D        | Reached skill level 16 in Spellcasting
  2179 | D        | Noticed a lindwurm
  2182 | D        | Killed from afar by a lindwurm

Vault maps used:
D:        dungeon_sprint_mu

Skill      XL: |  1  2  3  4  5  6  7  8  9 10 |
---------------+-------------------------------+-----
Spellcasting   | 6 9 11 12 14 15 16 | 16.0
Conjurations   | 3 5 7 8 9 10 | 10.1
Fire Magic     | 4 6 7 8 9 10 | 10.3
Fighting       | 2 3 4 5 6 |  6.2
Short Blades   | 3 4 5 6 7 |  7.5
Armour         | 2 3 4 5 6 |  6.1
Dodging        | 4 5 7 8 9 |  9.1
Air Magic      | 3 4 5 6 7 |  7.4
Poison Magic   | 3 4 6 7 8 |  8.1
Earth Magic    | 2 4 5 |  5.6
Stealth        | |  2.4

Action                   |  1- 3 |  4- 6 |  7- 9 | 10-12 || total
-------------------------+-------+-------+-------+-------++-------
Melee: Dagger            |       |     1 |       |     4 ||     5
 Cast: Flame Tongue      |    12 |     3 |    49 |    20 ||    84
       Throw Flame       |     3 |       |       |       ||     3
       Conjure Flame     |     1 |       |     9 |     2 ||    12
       Sticky Flame      |       |     3 |    11 |     9 ||    23
       Mephitic Cloud    |       |     1 |     3 |       ||     4
       Inner Flame       |       |       |     6 |     3 ||     9
       Lightning Bolt    |       |       |     4 |     8 ||    12
       Fireball          |       |       |     1 |       ||     1
       Bolt of Magma     |       |       |       |     3 ||     3
       Stone Arrow       |       |       |       |     2 ||     2
  Use: Potion            |     1 |       |       |     1 ||     2
       Scroll            |       |       |     1 |       ||     1
 Stab: Sleeping          |       |     1 |       |       ||     1
  Eat: Chunk             |       |       |     1 |       ||     1
       Royal jelly       |       |       |       |     2 ||     2
Armor: Robe              |       |       |     1 |       ||     1
Dodge: Dodged            |       |     2 |    25 |    18 ||    45

Table legend:
 A = Spawn XP
 B = Non-spawn XP
 C = Spawn XP percentage of total XP
 D = Spawn monster count
 E = Non-spawn monster count
 F = Spawn count percentage of total count
 G = Total turns spent on level
                    A         B        C        D         E        F      G
               +---------+---------+-------+---------+---------+-------+---------
         Total |       0 |    9398 |   0.0 |       0 |      70 |   0.0 |  2182
               +---------+---------+-------+---------+---------+-------+---------
             D |       0 |    9398 |   0.0 |       0 |      70 |   0.0 |  2182
               +---------+---------+-------+---------+---------+-------+---------
